Description

The goal is to do a standard Gate Expand opening and then go to a fast third nexus if you see a greedy opening (CC first or marine expand): You take your third base before your cybernetic core (at 21/23) and will take a huge economic advandage. The terran can't attack you and you will have enough defense to hold the first push.

This build can be done in all league. It's design to be really strong in defense and works against every standard follow up. Few tips :

  • With your scouting probe : Check the number of gas and if the Terran do an expand at 1,45 (if there is an expand and no gas, you can do it).
  • Harass with your probe as much as possible.
  • Add your third nexus at 21 (before the cybernetic core)
  • Your first unit should be an adept and never stop adept production until warp gate.
  • Go to a very fast colossus playstyle to hold the first pressure.
  • Start your double forge as soon as you are totally safe (after the first push or after your second colossus)
  • In case of agressive playstyle, do a fast shield battery at your natural
  • As soon as you have 3 colossi, switch to zealot/Immo/archons
  • Add some cannons on the side of each base to be totally safe: You will have a huge economy!

VOD

https://youtu.be/Q7mr2v3Azug

Replay - VOIP v zuka - King's Cove LE

Build Order

Get SALT Encoding   

  12  0:01  Probe  
  13  0:13  Probe  
  14  0:21  Pylon  
  14  0:22  Probe  
  15  0:35  Probe  
  15  0:40  Gateway  
  16  0:45  Probe  
  16  0:49  Assimilator  
  17  0:56  Probe  
  18  1:04  Probe  
  19  1:13  Probe  
  20  1:28  Nexus  
  20  1:30  Probe  
  20  1:59  Nexus  
  20  2:12  Cybernetics Core  
  20  2:14  Probe  
  21  2:19  Assimilator  
  22  2:31  Pylon  
  22  2:38  Adept  
  24  2:50  Warp Gate  
  28  3:03  Robotics Facility  
  30  3:18  Adept  
  37  3:48  Adept  
  40  3:54  Robotics Bay  
  42  4:01  Pylon  
  45  4:18  Adept  
  49  4:28  Colossus  
  49  4:30  Gateway  
  52  4:45  Shield Battery  
  59  4:47  Extended Thermal Lance  
  59  4:48  Assimilator x2  
  62  5:04  Adept  
  69  5:24  Pylon  
  67  5:29  Adept  
  67  5:30  Colossus, Pylon  
  67  5:34  Forge x2  
  78  5:50  Stalker x2  
  84  5:58  Gateway x2  
  85  6:04  Protoss Ground Weapons Level 1, Protoss Ground Armor Level 1  
  90  6:36  Twilight Council  
  90  6:39  Stalker  
  92  6:43  Shield Battery  
  92  6:44  Colossus  
  100  7:01  Stalker x4  
  108  7:11  Photon Cannon x3  
  108  7:18  Photon Cannon x2  
  108  7:22  Shield Battery  
  108  7:37  Stalker x3  
  105  8:03  Protoss Ground Weapons Level 2  
  104  8:08  Charge  
  104  8:12  Protoss Ground Armor Level 2  
  107  8:26  Assimilator x2  
  110  8:34  Templar Archives  
  110  8:36  Gateway  
  110  8:40  Photon Cannon x3  
  110  8:49  Nexus  
  110  8:50  Immortal  
  110  8:52  Photon Cannon x2  
  110  9:00  Psionic Storm  
  114  9:14  Zealot x4  
  122  9:26  Gateway  
  122  9:35  High Templar x4  
  122  9:37  Zealot  
  132  9:48  Immortal  
  132  9:50  Gateway  
  136  9:57  Gateway  
Spawning Tool Build Advisor. Get it on Overwolf

Go to:

Details

  • Created by: zuka      
  • Published on: May 27, 2019
  • Patch: 4.7.1
Show
View Real Time Build Order
Export as new Build Order

Comments (0)

There are no comments. Be the first!

Create an account to comment!